 Dungeon Crawl Stone Soup version 0.29-a0-307-gecccbbdb84 (webtiles) character file.

Game seed: 4427935794565640096

57 Flugkiller the Sneak (level 3, -4/28 HPs)
             Began as a Vampire Delver on Mar 27, 2022.
             Slain by Pargi (8 damage)
             ... in a sewer.
             The game lasted 00:02:41 (771 turns).

Flugkiller the Sneak (Vampire Delver)                Turns: 771, Time: 00:02:41

Health: -4/28      AC:  3    Str: 11    XL:     3   Next: 73%
Magic:  3/3        EV: 13    Int: 14    God:
Gold:   20         SH:  0    Dex: 15    Spells: 2/2 levels left

rFire   + . .      SeeInvis +   j - +0 rapier
rCold   . . .      Faith    .   (no shield)
rNeg    . . .      Spirit   .   b - +0 leather armour
rPois   .          Reflect  .   (no helmet)
rElec   .          Harm     .   (no cloak)
rCorr   .          Rampage  .   (no gloves)
Will    .....                   (no boots)
Stlth   +++.......              (no amulet)
HPRegen 0.29/turn               p - ring of protection from fire
MPRegen 0.08/turn               k - ring of flight

@: flying, healing quickly, hasted, very quick
A: alive, fangs 3, see invisible, vampiric 2
a: Exsanguinate


You were in a sewer.
You visited 1 branch of the dungeon, and saw 5 of its levels.
You also visited: Sewer.

You collected 20 gold pieces.

Inventory:

Hand Weapons
 a - a +0 short sword
 f - a +0 dagger
   (You found it on level 5 of the Dungeon)
 j - a +0 rapier (weapon)
   (You found it on level 3 of the Dungeon)
Armour
 b - a +0 leather armour (worn)
Jewellery
 k - a ring of flight (right hand)
   (You found it on level 2 of the Dungeon)
 m - a +6 ring of strength
   (You found it in a sewer)
 p - a ring of protection from fire (left hand)
   (You found it on level 3 of the Dungeon)
Wands
 g - a wand of digging (3)
Scrolls
 c - a scroll of fog
 d - a scroll of blinking {unknown}
 e - a scroll of fear
 i - a scroll of identify {unknown}
 l - a scroll of noise {unknown}
Potions
 o - a potion of invisibility {unknown}
 r - a potion of flight {unknown}
Miscellaneous
 q - a phial of floods
   (You found it in a sewer)


   Skills:
 - Level 2.6 Fighting
 - Level 2.1 Short Blades
 + Level 4.5 Dodging
 - Level 7.2 Stealth


You had 2 spell levels left.
You didn't know any spells.
Your spell library was empty.

Dungeon Overview and Level Annotations

Branches:
Dungeon (5/15)              Sewer (1/1)
 Temple: D:4-7

Altars:

Shops:
D:3 !

Annotations:
Sewer Pargi


Innate Abilities, Weirdness & Mutations

Your natural rate of healing is accelerated.
You have razor-sharp teeth.
You have supernaturally acute eyesight. (SInv)
You are afflicted with vampirism and can become a bat while bloodless.


Message History

Found a pink potion.
Pargi hisses menacingly.
Pargi snarls, "My home!
Leave!"
Found a sedimented emerald potion.
Pargi clenches his teeth.
Okay, then.
Okay, then.
You don't know any spells.
Unknown command.
Okay, then.
Okay, then.
m - a +6 ring of strength
There are no items here.
Okay, then.
You see here a red potion.
n - a red potion You puncture Pargi!
Pargi is moderately wounded.
Pargi completely misses you. Pargi claws you.
Pargi claws you but does no damage.
You hit Pargi.
Pargi is moderately wounded.
Pargi bites you. Pargi claws you. Pargi barely misses you.
You closely miss Pargi. Your bite misses Pargi.
Pargi is moderately wounded.
Pargi closely misses you. x2; Pargi claws you.
Pargi completely misses you. Pargi claws you but does no damage.
Pargi barely misses you.
You miss Pargi. You punch Pargi, but do no damage.
Pargi is moderately wounded.
Pargi bites you. Pargi claws you. x2
As you read the scroll of fear, it crumbles to dust.
You assume a fearsome visage.
Pargi looks frightened!
You see here a pink potion.
o - a pink potion
q - a phial of floods
There are no items here.
r - a sedimented emerald potion
There are no items here.
You now have 20 gold pieces (gained 13).
There are no items here.
Okay, then.
As you read the scroll of fear, it crumbles to dust.
You assume a fearsome visage.
Pargi looks frightened!
Pargi hisses menacingly.
Press: ? - help, v - describe, . - travel
Here: Pargi The floor.
Unknown command.
It was a potion of heal wounds.
You feel much better.
You feel yourself speed up. Pargi misses you. Pargi claws you.
Pargi claws you but does no damage.
You miss Pargi. You hit Pargi.
Pargi is lightly wounded.
Pargi closely misses you. Pargi barely misses you. Pargi claws you.
You miss Pargi.
Pargi is lightly wounded.
Pargi bites you. Pargi barely misses you. Pargi closely misses you.
You puncture Pargi!
Pargi is moderately wounded.
Pargi completely misses you. Pargi claws you.
Pargi claws you but does no damage.
You closely miss Pargi.
Pargi is moderately wounded.
Pargi closely misses you. Pargi misses you. Pargi claws you.
You hit Pargi.
Pargi is moderately wounded.
You hit Pargi.
Pargi is heavily wounded.
Pargi looks around nervously.
Pargi bites you. Pargi claws you. Pargi closely misses you.
You barely miss Pargi.
Pargi is heavily wounded.
Pargi misses you. x3
You puncture Pargi! You bite Pargi.
Pargi is severely wounded.
Pargi bites you but does no damage. Pargi misses you. Pargi claws you.
You hit Pargi.
Pargi is severely wounded.
You hit Pargi but do no damage.
Pargi is severely wounded.
Pargi closely misses you. x2; Pargi barely misses you.
You puncture Pargi!
Pargi is almost dead.
Pargi bites you but does no damage. Pargi closely misses you.
Pargi barely misses you.
You closely miss Pargi.
Pargi is almost dead.
You hit Pargi. Your bite misses Pargi.
Pargi is almost dead.
Pargi bites you!
* * * LOW HITPOINT WARNING * * *
Pargi claws you.
* * * LOW HITPOINT WARNING * * *
Pargi claws you but does no damage.
Unknown command.
You closely miss Pargi. Your bite misses Pargi.
Pargi is almost dead.
Pargi bites you!
You die...

###≈# ######## .##≈##
###.≈..≈.### ####
.#.≈.#
###...≈..≈...####..#
...≈.#
###.≈≈≈.####.T...##..#
...≈≈###.....###
###.≈...###
###≈≈..≈≈.≈.##
##≈≈≈≈..#
...≈≈###...≈≈###
###....≈### ..†≈.#
###..≈..####.....##..#
...≈.#
###....@T....####..#
..#≈## ###....≈.###
#### .##≈# ########
.##≈# ###≈# .#### .#
.# ##


You could see Pargi.

Vanquished Creatures
  An adder (D:5)
  A shadow imp (D:5)
  A dart slug (D:4)
  9 orcs
  2 bats
  5 giant cockroaches (D:3)
  A hobgoblin (D:3)
  2 jackals (Sewer)
  2 kobolds (D:3)
  A quokka (D:3)
  A ball python (D:3)
26 creatures vanquished.

Notes
Turn   | Place    | Note
-------+----------+-------------------------------------------
     0 | D:5      | Flugkiller the Vampire Delver began the quest for the Orb.
     0 | D:5      | Reached XP level 1. HP: 17/17 MP: 1/1
    28 | D:5      | Reached XP level 2. HP: 18/23 MP: 2/2
   239 | D:3      | You fall into a shaft and drop 1 floor!
   316 | D:3      | Gained mutation: You are afflicted with vampirism and can
                  | become a bat while bloodless. [Vampire growth]
   316 | D:3      | Reached XP level 3. HP: 28/28 MP: 3/3
   345 | D:3      | Found Zaiziptagg's Distillery.
   526 | D:3      | Found a glowing drain.
   549 | Sewer    | Entered a sewer
   655 | Sewer    | Noticed Pargi
   771 | Sewer    | Slain by Pargi

Illustrated notes

Levels and vault maps discovered:
D:1:      amcnicky_arrival_blooded_trapdoor, layout_loops_ring,
          corexii_hall_statues_x, nicolae_concentric_dashed_squares_mild,
          dreamdust_princess_bridge, minmay_door_square
D:2:      layout_rooms, basic_ecumenical_altar, minivault_25, uniq_terence,
          uniq_jessica
D:3:      layout_rooms, lemuel_doored_altar, portal_sewer_entry_f, serial_shops,
          nicolae_shop_advertising_works [nicolae_subvault_shop_adworks],
          minmay_misc_feat_encased
D:4:      cheibrodos_quashed, layout_loops_ring,
          minmay_temple_entry_antechambers, minmay_circle_x
D:5:      layout_basic, lemuel_crystal_altar, serial_bayou, serial_bayou_ford_a,
          serial_bayou_pond_b, serial_bayou_pond_e, serial_bayou_lagoon_a,
          minmay_stone_trees_large
Sewer:    sewer_the_moccasin

Skill      XL: |  1  2  3 |
---------------+----------+-----
Dodging        | 3 4 |  4.5
Fighting       | |  2.6
Short Blades   | |  2.1
Stealth        | |  7.2

Action                   || total
-------------------------++-------
Melee: Dagger            ||    60
       Bite              ||    16
       Punch             ||     2
       Rapier            ||    86
  Use: Scroll            ||     3
       Potion            ||     2
 Stab: Distracted        ||     1
       Sleeping          ||     1
Armor: Leather armour    ||    37
Dodge: Dodged            ||   109

Table legend: (Time is in decaauts)
 A = Elapsed time spent in this place.
 B = Non-inter-level travel time spent in this place.
 C = Inter-level travel time spent in this place.
 D = Time resting spent in this place.
 E = Time spent auto-exploring this place.
 F = Levels seen in this place.
 G = Mean time per level.
                   A        B        C        D        E       F      G
               +--------+--------+--------+--------+--------+-----+--------+
         Total |    768 |    768 |      0 |    143 |     68 |   6 |  128.0 |
       Dungeon |    547 |    547 |      0 |    106 |     23 |   5 |  109.4 |
         Sewer |    220 |    220 |      0 |     37 |     45 |   1 |  220.0 |
               +--------+--------+--------+--------+--------+-----+--------+

Top non-repeatable levels by time:
     D:3: 249 daAuts
   Sewer: 220 daAuts
     D:5: 143 daAuts
     D:4: 127 daAuts
     D:2: 26 daAuts
     D:1: 1 daAuts
